 Dungeon Crawl Stone Soup version 0.28-a0-1339-ga5422284a4 (webtiles) character file.

Game seed: 1606069741057264753

196212 shoop the Warrior (level 19, -15/166 HPs)
             Began as a Djinni Hedge Wizard on Dec 28, 2021.
             Was a High Priest of Ashenzari.
             Demolished by a skeletal warrior (24 damage)
             ... in a wizard's laboratory on Jan 2, 2022.
             The game lasted 02:28:58 (31768 turns).

shoop the Warrior (Djinni Hedge Wizard)            Turns: 31768, Time: 02:28:58

Health: -15/166    AC:  9    Str: 11    XL:     19   Next: 6%
Gold:   3198       EV: 17    Int: 20    God:    Ashenzari [*****.] SH:  0 Dex: 15

rFire   + + .      SeeInvis +     - Blade Hands
rCold   x . .      Faith    .   (shield currently unavailable)
rNeg    . . .      Spirit   .   e - +0 troll leather armour of the Ruined Sun {Regen+, Evo, Range} (curse)
rPois   ∞          Reflect  .   c - +0 hat "Overhang to Understand" {Cun, Self} (curse)
rElec   .          Harm     .   M - +0 cloak of the Bound Sybil {Melee, Fort} (curse)
rCorr   .          Rampage  .   (gloves currently unavailable)
Will    ++...      Clarity  +   (boots unavailable)
Stlth   ++........              F - amulet "Ozausch" {RegenMP Slay+3}
HPRegen 1.17/turn               U - ring of willpower
MPRegen 0.00/turn               w - ring of Ashenzari's Sybil {AC+4, Melee, Self} (curse)

@: blade hands, forested, flying
A: flying, sickness immunity, fire resistance 2, cold vulnerability 1, float,
innate caster, hp casting, extra vitality 1
}: 1/15 runes: decaying
a: End Transformation, Renounce Religion, Curse Item, Shatter the Chains


You were in a wizard's laboratory.
You worshipped Ashenzari.
Ashenzari was extremely pleased with you.
You had blades for hands.
You visited 8 branches of the dungeon, and saw 34 of its levels.
You also visited: Gauntlet and Wizlab.

You collected 3333 gold pieces.
You spent 135 gold pieces at shops.

Inventory:

Hand Weapons
 E - the cursed +7 dire flail "Thunder Perfect Mind" (melded) {antimagic, Melee, Fort}
   (You took it off Edmund on level 6 of the Dungeon)

   It reduces the magical energy of the wielder, and disrupts the spells and
   magical abilities of those it strikes.
   Natural abilities and divine invocations are not affected.
   It has a curse which improves the following skills: Melee Combat: Short
   Blades, Long Blades, Axes, Maces & Flails, Polearms, Staves and Unarmed
   Combat.
   Fortitude: Armour and Shields.
Missiles
 m - 11 silver javelins
 N - 2 throwing nets
 Q - 13 javelins
Armour
 c - the cursed +0 hat "Overhang to Understand" (worn) {Cun, Self}

   It has a curse which improves the following skills: Cunning: Dodging and
   Stealth.
   Introspection: Fighting and Spellcasting.
 e - the cursed +0 troll leather armour of the Ruined Sun (worn) {Regen+, Evo, Range}
   (You found it on level 5 of the Dungeon)

   Regen:     It increases your rate of health regeneration.
   It has a curse which improves the following skills: Evocations: Evocations.
   Ranged Combat: Slings, Bows, Crossbows and Throwing.
 g - a scarf of resistance
 k - the +6 scale mail of the Sun {Int+4}
   (You found it on level 6 of the Lair of Beasts)

   Int:       It affects your intelligence (+4).
 l - the cursed +2 pair of gloves "Discomfort of Ashenzari" (melded) {hurl, Range, Fort}
   (You found it on level 6 of the Lair of Beasts)

   It has a curse which improves the following skills: Ranged Combat: Slings,
   Bows, Crossbows and Throwing.
   Fortitude: Armour and Shields.
 J - a +2 chain mail of cold resistance
 M - the cursed +0 cloak of the Bound Sybil (worn) {Melee, Fort}
   (You found it on level 10 of the Dungeon)

   It has a curse which improves the following skills: Melee Combat: Short
   Blades, Long Blades, Axes, Maces & Flails, Polearms, Staves and Unarmed
   Combat.
   Fortitude: Armour and Shields.
 R - a +3 scale mail of willpower
 Z - a +2 cloak
Jewellery
 q - the ring of Incredulity {Fly Str+6 Int+3}
   (You took it off a gnoll sergeant on level 12 of the Dungeon)

   [ring of flight]

   Str:       It affects your strength (+6).
   Int:       It affects your intelligence (+3).
   Fly:       It grants you flight.
 r - the ring of Meyjepovo {Fly rCorr Str+4}
   (You found it on level 12 of the Dungeon)

   [ring of flight]

   Str:       It affects your strength (+4).
   Fly:       It grants you flight.
   rCorr:     It protects you from acid and corrosion.
 w - the cursed ring of Ashenzari's Sybil (right blade hand) {AC+4, Melee, Self}
   (You took it off a kobold brigand on level 7 of the Dungeon)

   [ring of protection]

   AC:        It affects your AC (+4).
   It has a curse which improves the following skills: Melee Combat: Short
   Blades, Long Blades, Axes, Maces & Flails, Polearms, Staves and Unarmed
   Combat.
   Introspection: Fighting and Spellcasting.
 x - the ring "Zion" {Ice Int+3}
   (You took it off a death knight on level 12 of the Dungeon)

   [ring of ice]

   It enhances your ice magic.
   Int:       It affects your intelligence (+3).
   rF:        It makes you vulnerable to fire.
   rC:        It protects you from cold.
 F - the amulet "Ozausch" (around neck) {RegenMP Slay+3}
   (You took it off an ogre mage on level 12 of the Dungeon)

   [amulet of magic regeneration]

   It increases your rate of magic regeneration.
   Slay:      It affects your accuracy & damage with ranged weapons and melee
   (+3).
 U - a ring of willpower (left blade hand)
Wands
 j - a wand of digging (12)
 v - a wand of iceblast (35)
 y - a wand of charming (14)
 I - a wand of acid (3)
 L - a wand of paralysis (20)
Scrolls
 b - a scroll of immolation
 n - 19 scrolls of teleportation
 t - a scroll of blinking
 A - 5 scrolls of vulnerability
 C - 6 scrolls of fear
 D - a scroll of silence
 K - 2 scrolls of fog
 X - a scroll of holy word
 Y - 3 scrolls of magic mapping
Potions
 d - 16 potions of curing
 f - a potion of might
 h - a potion of lignification
 i - 2 potions of berserk rage
 p - 5 potions of attraction
 s - 3 potions of invisibility
 u - 3 potions of mutation
 z - 4 potions of haste
 H - 4 potions of brilliance
 O - 4 potions of cancellation
 V - a potion of ambrosia
 W - 4 potions of resistance
Miscellaneous
 S - a phial of floods
 T - a tin of tremorstones (2/2)


   Skills:
 + Level 19.9(23.7) Fighting
 - Level 11.3(15.4) Maces & Flails
 - Level 2.0(4.0) Throwing
 - Level 2.0(4.0) Armour
 - Level 8.7(11.4) Dodging
 - Level 2.0(4.0) Stealth
 - Level 15.9(20.0) Spellcasting
 - Level 4.8(7.4) Evocations


You had 8 spell levels left.
You knew the following spells:

 Your Spells              Type           Power      Damage    Failure   Level
a - Magic Dart            Conj           100%       1d8       3%          1
b - Blink                 Tloc           100%       N/A       3%          2
c - Call Imp              Summ           79%        N/A       3%          2
d - Slow                  Hex            100%       N/A       3%          1
e - Conjure Flame         Conj/Fire      79%        6-21      3%          3
f - Mephitic Cloud        Conj/Pois/Air  79%        N/A       3%          3
g - Beastly Appendage     Tmut           100%       N/A       3%          1
h - Searing Ray           Conj           100%       2d8       3%          2
i - Confusing Touch       Hex            79%        N/A       3%          3
j - Dazzling Flash        Conj/Hex       100%       N/A       3%          3
k - Summon Forest         Summ/Tloc      39%        N/A       4%          5
l - Blade Hands           Tmut           39%        N/A       4%          5
m - Iron Shot             Conj/Erth      39%        9d8       8%          6
n - Simulacrum            Ice/Necr       39%        N/A       8%          6
o - Ozocubu's Refrigerat  Ice            39%        4d12      13%         7
Your spell library was empty.

Dungeon Overview and Level Annotations

Branches:
Dungeon (15/15)            Temple (1/1) D:4            Lair (6/6) D:10
  Swamp (4/4) Lair:3       Spider (4/4) Lair:2        Slime (0/5) Lair:6
    Orc (2/2) D:11            Elf (1/3) Orc:2        Vaults (0/5) D:13
 Depths (1/4) D:15         WizLab (1/1)             Gauntlet (visited)

Altars:
Ashenzari
Cheibriados
Dithmenos
Elyvilon
Fedhas
Gozag
Hepliaklqana
Kikubaaqudgha
Makhleb
Nemelex Xobeh
Okawaru
Qazlal
Ru
Sif Muna
Trog
Uskayaw
Vehumet
Wu Jian
Xom
Yredelemnul
Zin
The Shining One
Beogh
Jiyva

Shops:
D:2 *[[   D:6 **(   D:7 =   Orc:2 =*[(

Portals:
Ziggurat: Depths:1

Annotations:
D:3 1 runed translucent door, Adrian566's ghost, amateur TrFi
D:14 exclusion: obsidian statue
Lair:3 3 runed translucent doors, 1 exclusion, mdk's ghost, journeyman FeSu
Lair:4 2 transporters, gimp's ghost, journeyman DgWn
Swamp:2 2 transporters, rogsnak's ghost, journeyman DsAE


Innate Abilities, Weirdness & Mutations

You have blades for hands.
You are flying.
Your spellcasting is less reliable in this form.
You are incapable of wielding weapons or throwing items.
You are immune to sickness and miasma.
You are immune to poison.
Your flesh is very heat resistant. (rF++)
You are vulnerable to cold. (rC-)
You float through the air rather than walking.
You learn spells naturally, not from books.
Your magical power is your life essence.
You have superior vitality. (+4 MHP)


Message History

Okay, then.
Unknown command.
Casting: Blade Hands (mildly dangerous; 4% risk of failure)
Confirm with . or Enter, or press ? or * to list all spells.
A forested plane collides here with a resounding crunch!
Your dryad calls out to the forest.
The forest starts to sway and rumble!
* * * LOW HITPOINT WARNING * * *
The skeletal warrior hits you from afar with a +0 glaive.
* * * LOW HITPOINT WARNING * * *
The skeletal warrior hits you from afar with a +0 trident!!
* * * LOW HITPOINT WARNING * * *
Unknown command.
A root smacks the skeletal warrior from below!
The skeletal warrior is hit by a branch!
The trees move their gnarly branches around.
A root smacks the skeletal warrior from below! x2
The skeletal warrior is hit by a branch!
A root smacks the skeletal warrior from below!
Your dryad hits the skeletal warrior!
The skeletal warrior hits your dryad with a +0 glaive!!!
A root lunges up near the skeletal warrior.
Your dryad hits the skeletal warrior but does no damage.
The skeletal warrior hits your dryad with a +0 glaive!!
The skeletal warrior is hit by a branch! x2
Your dryad hits the skeletal warrior but does no damage.
The skeletal warrior hits your dryad with a +0 glaive!
Your dryad dies!
Your dryad's corpse disappears in a puff of smoke!
The forest abruptly stops moving.
Okay, then.
Aiming: Corrosive Bolt
Press: ? - help, Shift-Dir - straight line, f - skeletal warrior
Aim: a skeletal warrior, wielding a +0 trident (heavily damaged, 74% to hit)
The bolt of acid misses the skeletal warrior.
Okay, then.
As you read the scroll of summoning, it crumbles to dust.
Wisps of shadow whirl around you...
The skeletal warrior hits you from afar with a +0 trident!!
You die...

..#$.##*,,,*##.$♣...♣♣#
.)#.)!.# #♣:?.♣.).♣♣♣
..###:!# *#!!♣♣#....#♣
..8.##??.#.??♣♣.))..♣♣♣
.....#.!?#??.♣zz.....♣♣
.....#######♣♣.....z♣♣♣
......)).......Zz♣..♣#♣
...............ZZz.♣#♣♣
♣...............@♣.♣#♣♣
♣....♣♣♣......z.♣.##♣♣♣
#######♣###♣#♣♣♣♣♣##♣♣
#♣#♣#♣#


You could see 2 skeletal warriors, 4 friendly skeletal warriors, 2 friendly
two-headed ogre zombies and a friendly troll zombie (summoned).

Vanquished Creatures
  Saint Roka (Orc:2)
  Arachne (Spider:2)
  2 thorn hunters
  A fenstrider witch (Swamp:4)
  2 emperor scorpions (Spider:2)
  3 orc warlords
  Aizul (Swamp:2)
  A stone giant (D:15)
  2 eleionomae (Swamp:3)
  A broodmother (Spider:3)
  Azrael (D:14)
  3 entropy weavers
  2 spark wasps
  A minotaur (Gauntlet)
  3 bunyips
  Snorg (Orc:1)
  3 fire dragons
  A deep elf death mage (Elf:1)
  A deep elf high priest (Elf:1)
  11 hydras
  7 boulder beetles
  3 ghost crabs
  3 ogre magi
  3 two-headed ogres
  4 alligators
  A death knight (D:12)
  2 centaur warriors
  2 dancing weapons (D:13)
  2 death yaks (Lair:5)
  2 radroaches
  3 tengu warriors
  3 orc high priests
  7 spriggans
  Sonja (Lair:6)
  3 pharaoh ants
  A fire crab (Lair:6)
  5 skeletal warriors (WizLab)
  A fire crab (shapeshifter) (D:15)
  6 spriggan druids
  A steelbarb worm (Spider:2)
  6 swamp dragons (Swamp:4)
  2 wizards (Gauntlet)
  3 bog bodies
  A lindwurm (Lair:5)
  11 ugly things
  4 orc knights
  5 deep elf zephyrmancers
  12 wolf spiders
  2 cyclopes
  10 deep elf pyromancers
  4 orc sorcerers
  3 manticores
  2 slime creatures (D:15)
  A will-o-the-wisp (Swamp:2)
  2 spectral centaurs (Gauntlet)
  A centaur zombie (D:10)
  2 moths of wrath
  6 elephants
  12 black mambas
  3 torpor snails
  A cane toad (shapeshifter) (Gauntlet)
  2 molten gargoyles (Lair:6)
  10 komodo dragons
  6 cane toads
  A kobold demonologist (D:13)
  A freezing wraith (D:14)
  4 rime drakes
  A demonic crawler (Spider:2)
  5 trolls
  A troll (shapeshifter) (Elf:1)
  6 tyrant leeches
  2 bloated husks
  4 meliai
  A polar bear (Lair:2)
  9 hornets
  4 tarantellas
  Prince Ribbit (D:7)
  10 blink frogs
  2 dream sheep (Lair:5)
  3 jumping spiders (Spider:3)
  2 shadows (D:12)
  An air elemental (Elf:1)
  5 culicivoras
  4 vampires (WizLab)
  6 wraiths
  5 wyverns
  4 basilisks
  A hog (shapeshifter) (Gauntlet)
  2 steam dragons (Lair:6)
  18 yaks
  8 vampire mosquitoes
  18 redbacks
  Edmund (D:6)
  10 swamp worms
  3 acid dragons
  A water moccasin (shapeshifter) (Gauntlet)
  5 wargs
  A two-headed ogre zombie (WizLab)
  5 hell hounds (Lair:6)
  14 water moccasins
  4 swamp drakes (Swamp:4)
  2 black bears
  33 orc warriors
  A black bear (shapeshifter) (Gauntlet)
  A sky beast (D:7)
  13 ogres
  2 boggarts
  7 wolves
  4 centaurs
  2 phantoms
  4 kobold brigands
  8 bullfrogs
  A gnoll sergeant (D:12)
  6 scorpions
  9 troll zombies (WizLab)
  2 water moccasin skeletons
  15 wights
  4 electric eels
  7 howler monkeys
  5 lava snakes (Lair:6)
  A crimson imp (D:14)
  A bullfrog zombie (D:6)
  2 jellies
  19 orc priests
  A centaur skeleton (D:5)
  4 iguanas
  32 orc wizards
  4 ogre zombies (WizLab)
  A howler monkey zombie (D:9)
  6 gnolls
  5 adders
  3 shadow imps (Gauntlet)
  4 white imps
  An ufetubus (D:5)
  4 worms
  2 dart slugs
  93 orcs
  8 bats
  9 endoplasms
  4 giant cockroaches
  6 goblins
  6 hobgoblins
  3 jackals (D:3)
  4 quokkas
  6 ball pythons
  2 frilled lizards (D:1)
  15 kobolds
  4 rats
  A snaplasher vine (D:13)
763 creatures vanquished.

Vanquished Creatures (collateral kills)
  An ancient champion (WizLab)
  A fenstrider witch (Swamp:4)
  Louise (Spider:3)
  An entropy weaver (Spider:3)
  Josephine (Lair:5)
  A great orb of eyes (Depths:1)
  3 boulder beetles
  A catoblepas (Lair:5)
  4 hydras
  A rakshasa (Depths:1)
  A dancing weapon (Elf:1)
  A centaur warrior (D:15)
  An orc high priest (Orc:2)
  2 death yaks (Lair:5)
  A deep elf knight (Elf:1)
  A fire crab (Lair:5)
  A pharaoh ant (Spider:2)
  3 goliath frogs
  2 orb spiders
  A steelbarb worm (Spider:2)
  A sun moth (Spider:2)
  An orc knight (Orc:1)
  A bog body (Swamp:3)
  A deep elf zephyrmancer (Elf:1)
  4 ugly things
  2 oklob plants (Lair:5)
  A wolf spider (Spider:3)
  A will-o-the-wisp (Swamp:1)
  4 elephants
  A black mamba (Lair:3)
  A torpor snail (Spider:2)
  A centaur zombie (D:11)
  A molten gargoyle (Lair:6)
  3 cane toads
  A komodo dragon (Lair:6)
  A rime drake (shapeshifter) (D:15)
  2 tyrant leeches
  2 meliai
  A tarantella (Spider:3)
  A hornet (Swamp:1)
  7 dream sheep
  5 jumping spiders
  4 culicivoras (Spider:2)
  A spriggan (Swamp:3)
  2 wraiths (Lair:5)
  3 basilisks
  2 wyverns (D:10)
  A vampire mosquito (Swamp:1)
  15 yaks
  A fire elemental (D:14)
  6 redbacks (Spider:2)
  4 hell hounds (D:14)
  3 swamp worms
  A floating eye (Lair:5)
  3 water moccasins
  14 orc warriors
  6 wolves
  3 ogres
  2 centaurs (D:13)
  2 scorpions (D:6)
  5 orc priests
  4 orc wizards
  23 orcs
  10 briar patches (Swamp:3)
  6 bushes
193 creatures vanquished.

Vanquished Creatures (others)
  A death drake (Gauntlet)
  A deep elf pyromancer (Elf:1)
  4 foxfires (Swamp:1)
  37 fungi
  83 plants
  21 snaplasher vines
147 creatures vanquished.

Grand Total: 1103 creatures vanquished

Notes
Turn   | Place    | Note
-------+----------+-------------------------------------------
     0 | D:1      | shoop the Djinni Hedge Wizard began the quest for the Orb.
     0 | D:1      | Reached XP level 1. HP: 15/15 MP: 0/0
   178 | D:1      | Reached XP level 2. HP: 2/21 MP: 0/0
   938 | D:1      | Reached XP level 3. HP: 24/26 MP: 0/0
   938 | D:1      | Learned a level 1 spell: Beastly Appendage
  1211 | D:2      | Found an ornate altar of the Wu Jian Council.
  1237 | D:2      | Reached skill level 1 in Fighting
  1280 | D:2      | Found Kiddeirch's Antique Armour Emporium.
  1557 | D:2      | Reached skill level 1 in Armour
  1557 | D:2      | Reached XP level 4. HP: 26/32 MP: 0/0
  1718 | D:2      | Identified the +1 ring mail "Hero's Friend" {rPois rN+}
  2509 | D:2      | Found Luiz's General Store.
  2734 | D:2      | Bought a potion of curing for 30 gold pieces
  2734 | D:2      | Bought a scroll of teleportation for 30 gold pieces
  2891 | D:2      | Found Beuzoppu's Armour Shoppe.
  3049 | D:3      | Found a faded altar of an unknown god.
  3307 | D:3      | Reached XP level 5. HP: 26/38 MP: 0/0
  3307 | D:3      | Learned a level 2 spell: Searing Ray
  3582 | D:3      | Found a runed translucent door.
  3585 | D:3      | Noticed Adrian566's ghost (amateur TrFi)
  4185 | D:3      | Found a sparkling altar of Nemelex Xobeh.
  4291 | D:3      | Reached skill level 2 in Fighting
  4710 | D:4      | Reached XP level 6. HP: 3/43 MP: 0/0
  5680 | D:4      | Found a staircase to the Ecumenical Temple.
  5687 | Temple   | Entered the Ecumenical Temple
  5837 | Temple   | Became a worshipper of Ashenzari the Shackled
  6090 | D:5      | Entered Level 5 of the Dungeon
  6116 | D:5      | Reached XP level 7. HP: 33/49 MP: 0/0
  6116 | D:5      | Learned a level 3 spell: Confusing Touch
  6257 | D:5      | Reached skill level 5 in Spellcasting
  6483 | D:5      | Reached skill level 1 in Evocations
  6584 | D:5      | Noticed a hornet
  6601 | D:5      | Reached XP level 8. HP: 54/54 MP: 0/0
  6650 | D:5      | Found a white marble altar of Elyvilon.
  6653 | D:5      | Found an ornate altar of the Wu Jian Council.
  6654 | D:5      | Found a snail-covered altar of Cheibriados.
  6654 | D:5      | Found a stormy altar of Qazlal.
  6654 | D:5      | Found a hazy altar of Hepliaklqana.
  6654 | D:5      | Found a sacrificial altar of Ru.
  6657 | D:5      | Found a shimmering altar of Xom.
  6658 | D:5      | Found a basalt altar of Yredelemnul.
  7324 | D:5      | Killed a hornet
  7325 | D:5      | Reached XP level 9. HP: 42/58 MP: 0/0
  7325 | D:5      | Learned a level 3 spell: Dazzling Flash
  7589 | D:6      | Found Angecet's Assorted Antiques.
  7639 | D:6      | Found Lona's General Store.
  7651 | D:6      | Reached * piety under Ashenzari
  7828 | D:6      | Noticed Edmund
  7863 | D:6      | Reached skill level 1 in Maces & Flails
  8159 | D:6      | Reached ** piety under Ashenzari
  8330 | D:6      | Killed Edmund
  8470 | D:6      | Found Otulyv's Weapon Shop.
  8650 | D:7      | Noticed Prince Ribbit
  8681 | D:7      | Killed Prince Ribbit
  8707 | D:7      | Reached skill level 5 in Maces & Flails
  8707 | D:7      | Reached XP level 10. HP: 66/66 MP: 0/0
  8834 | D:7      | Found a blossoming altar of Fedhas.
  9025 | D:7      | Found Wisap's Jewellery Boutique.
  9252 | D:7      | HP: 3/66 [vampire mosquito (10)]
  9455 | D:8      | Noticed a two-headed ogre
  9475 | D:8      | Killed a two-headed ogre
  9790 | D:8      | Reached *** piety under Ashenzari
 10283 | D:9      | Reached XP level 11. HP: 38/71 MP: 0/0
 10283 | D:9      | Learned a level 5 spell: Summon Forest
 10655 | D:10     | Entered Level 10 of the Dungeon
 10846 | D:10     | Noticed a tengu warrior
 10863 | D:10     | Killed a tengu warrior
 10911 | D:10     | Found the +18 Lear's hauberk
 10974 | D:10     | Reached skill level 10 in Maces & Flails
 11038 | D:10     | Found a staircase to the Lair.
 11099 | D:10     | Noticed a green ugly thing
 11138 | D:10     | Killed a green ugly thing
 11400 | D:10     | Identified the +0 plate armour of the Northern Lights
                  | {Harm}
 11647 | D:11     | Noticed a boulder beetle
 11674 | D:11     | Found a gate leading to a gauntlet.
 11885 | D:11     | Killed a boulder beetle
 11886 | D:11     | Reached skill level 3 in Fighting
 11982 | D:11     | Identified the +0 robe "Ikhleyh" {rElec rCorr Int-2}
 12028 | Gauntlet | Entered a Gauntlet
 12028 | Gauntlet | Found a transporter.
 12039 | Gauntlet | Found a transporter.
 12040 | Gauntlet | Found a transporter.
 12042 | Gauntlet | Noticed a worldbinder
 12049 | Gauntlet | Found a transporter.
 12051 | Gauntlet | Found a transporter.
 12052 | Gauntlet | Found a transporter.
 12058 | Gauntlet | Found a runed translucent gate.
 12060 | Gauntlet | Found a transporter.
 12060 | Gauntlet | Identified the -2 pair of boots of Melancholy {Harm rF- rC-
                  | Str+8}
 12061 | Gauntlet | Found a runed translucent gate.
 12062 | Gauntlet | Found a runed translucent gate.
 12063 | Gauntlet | Found a transporter.
 12064 | Gauntlet | Found a transporter.
 12064 | Gauntlet | Noticed a glowing orange brain
 12064 | Gauntlet | a redback changed into a glowing orange brain
 12071 | Gauntlet | Noticed a death drake
 12072 | Gauntlet | Found a transporter.
 12073 | Gauntlet | Noticed an elephant
 12073 | Gauntlet | a glowing orange brain changed into an elephant
 12075 | Gauntlet | Found a transporter.
 12076 | Gauntlet | Found a transporter.
 12079 | Gauntlet | Noticed a wizard
 12081 | Gauntlet | Noticed a wizard
 12084 | Gauntlet | Found a transporter.
 12120 | Gauntlet | Noticed a satyr
 12120 | Gauntlet | Noticed a fire dragon
 12120 | Gauntlet | a satyr changed into a fire dragon
 12123 | Gauntlet | Noticed a spark wasp
 12123 | Gauntlet | a fire dragon changed into a spark wasp
 12132 | Gauntlet | a spark wasp changed into a slime creature
 12134 | Gauntlet | Noticed a shining eye
 12134 | Gauntlet | a slime creature changed into a shining eye
 12135 | Gauntlet | Noticed a moth of wrath
 12135 | Gauntlet | a shining eye changed into a moth of wrath
 12144 | Gauntlet | Found a transporter.
 12184 | Gauntlet | Reached XP level 12. HP: 81/81 MP: 0/0
 12194 | Gauntlet | Noticed a fire crab
 12200 | Gauntlet | Noticed a sixfirhy
 12260 | Gauntlet | Reached skill level 4 in Fighting
 12284 | Gauntlet | Reached skill level 5 in Dodging
 12355 | Gauntlet | Reached skill level 7 in Fighting
 12355 | Gauntlet | Reached XP level 13. HP: 91/96 MP: 0/0
 12355 | Gauntlet | Learned a level 5 spell: Blade Hands
 12384 | Gauntlet | Reached skill level 8 in Fighting
 12555 | Gauntlet | Noticed a minotaur
 12573 | Gauntlet | Killed a minotaur
 12740 | D:11     | Found a staircase to the Orcish Mines.
 12832 | D:11     | Noticed a boulder beetle
 12850 | D:11     | Killed a boulder beetle
 13582 | Orc:1    | Entered Level 1 of the Orcish Mines
 14008 | Orc:1    | Reached skill level 10 in Spellcasting
 14128 | Orc:2    | Entered Level 2 of the Orcish Mines
 14189 | Orc:2    | Noticed an orc warlord
 14294 | Orc:2    | Reached **** piety under Ashenzari
 14302 | Orc:2    | Found a staircase to the Elven Halls.
 14356 | Orc:2    | Noticed Snorg
 14381 | Orc:2    | Noticed Saint Roka
 14500 | Lair:1   | Entered Level 1 of the Lair of Beasts
 14908 | Lair:2   | Found a hole to the Spider Nest.
 15047 | Lair:2   | Found a hide-covered altar of Uskayaw.
 15107 | Lair:2   | Reached XP level 14. HP: 82/106 MP: 0/0
 15638 | Lair:3   | Found a runed translucent gate.
 15642 | Lair:3   | Found a runed translucent gate.
 15642 | Lair:3   | Found a runed translucent gate.
 15643 | Lair:3   | Noticed mdk's ghost (journeyman FeSu)
 15646 | Lair:3   | Found a viscous altar of Jiyva.
 15646 | Lair:3   | Identified Sif Muna's Papyrus of Poisoning
 15662 | Lair:3   | Found a staircase to the Swamp.
 16683 | Lair:4   | Found a transporter.
 16847 | Lair:4   | Noticed gimp's ghost (journeyman DgWn)
 16861 | Lair:4   | Found a transporter.
 16873 | Lair:4   | Identified a scroll of acquirement
 18016 | Lair:5   | Reached XP level 15. HP: 99/112 MP: 0/0
 18016 | Lair:5   | Learned a level 6 spell: Iron Shot
 18054 | Lair:6   | Entered Level 6 of the Lair of Beasts
 18054 | Lair:6   | Noticed Sonja
 18062 | Lair:6   | Killed Sonja
 18605 | Lair:6   | Found a viscous altar of Jiyva.
 18606 | Lair:6   | Found a staircase to the Slime Pits.
 18846 | Lair:6   | Identified the +6 scale mail of the Sun {Int+4}
 19294 | Lair:6   | Noticed Josephine
 19305 | Lair:5   | Killed Josephine
 19665 | Lair:6   | Reached skill level 15 in Spellcasting
 19866 | Lair:6   | Found a large runed translucent door.
 19866 | Lair:6   | Found a large runed translucent door.
 19931 | Lair:6   | Reached ***** piety under Ashenzari
 20465 | D:12     | Identified the ring of Meyjepovo {Fly rCorr Str+4}
 20864 | D:12     | Reached skill level 1 in Throwing
 20873 | D:12     | Identified the ring "Zion" {Ice Int+3}
 20951 | D:12     | Identified the amulet "Ozausch" {RegenMP Slay+3}
 21115 | D:12     | Identified the ring of Incredulity {Fly Str+6 Int+3}
 21658 | D:13     | Found a gate to the Vaults.
 21859 | D:13     | Reached XP level 16. HP: 56/118 MP: 0/0
 22734 | D:14     | Noticed Azrael
 22749 | D:14     | Killed Azrael
 22859 | D:14     | Reached skill level 9 in Fighting
 23364 | D:15     | Entered Level 15 of the Dungeon
 23540 | Orc:1    | Killed Snorg
 23729 | Orc:1    | Reached skill level 10 in Fighting
 24363 | Orc:2    | Reached skill level 11 in Fighting
 24365 | Orc:2    | Killed Saint Roka
 25045 | Orc:2    | Reached skill level 12 in Fighting
 25119 | Orc:2    | Paralysed by an orc sorcerer for 2 turns
 25284 | Orc:2    | Found Rystenof's General Store.
 25317 | Orc:2    | Found Niups's Antique Armour Emporium.
 25317 | Orc:2    | Found Uvvu's Antique Weapon Shoppe.
 25319 | Orc:2    | Found Ehotummu's Jewellery Emporium.
 25614 | Swamp:1  | Entered Level 1 of the Swamp
 25679 | Swamp:1  | Reached XP level 17. HP: 126/136 MP: 0/0
 25679 | Swamp:1  | Learned a level 6 spell: Simulacrum
 25707 | Swamp:1  | Reached skill level 13 in Fighting
 26224 | Swamp:2  | Found a transporter.
 26235 | Swamp:2  | Identified the +8 flail "Ero Kiuw" {freeze, rN+ Will+
                  | Str-4}
 26241 | Swamp:2  | Noticed rogsnak's ghost (journeyman DsAE)
 26261 | Swamp:2  | Found a transporter.
 26294 | Swamp:2  | Reached skill level 14 in Fighting
 26482 | Swamp:3  | Noticed Aizul
 26629 | Swamp:2  | Killed Aizul
 26731 | Swamp:3  | Noticed a thorn hunter
 26836 | Swamp:3  | Killed a thorn hunter
 26976 | Swamp:3  | Identified the +3 hunting sling "Eqifulosh" {flame, rElec}
 27049 | Swamp:3  | Reached skill level 15 in Fighting
 27291 | Swamp:3  | Found a sparkling altar of Nemelex Xobeh.
 27455 | Swamp:4  | Entered Level 4 of the Swamp
 27460 | Swamp:4  | Identified the +9 hand crossbow "Wuukock" {flame, Str+4
                  | Int+2}
 27469 | Swamp:4  | Noticed a thorn hunter
 27525 | Swamp:4  | Identified the +10 long sword of the Shimmering Seer
                  | {spect, Int+2}
 27622 | Swamp:4  | Killed a thorn hunter
 27794 | Swamp:4  | Reached skill level 16 in Fighting
 28004 | Swamp:4  | Got a decaying rune of Zot
 28136 | Spider:1 | Entered Level 1 of the Spider Nest
 28211 | Spider:3 | Noticed Louise
 28296 | Spider:2 | Reached XP level 18. HP: 101/151 MP: 0/0
 28430 | Spider:2 | Reached skill level 17 in Fighting
 29002 | Spider:2 | Noticed Arachne
 29011 | Spider:2 | Killed Arachne
 29341 | Spider:3 | Reached skill level 18 in Fighting
 29379 | Spider:4 | Entered Level 4 of the Spider Nest
 29620 | Spider:3 | Killed Louise
 29773 | Spider:3 | Identified the +6 chain mail "Okol" {rElec Str-2 Dex+2}
 30232 | D:15     | Reached skill level 19 in Fighting
 30326 | D:15     | Found a shimmering altar of Xom.
 30623 | D:15     | Found a staircase to the Depths.
 30709 | Depths:1 | Entered Level 1 of the Depths
 30790 | Depths:1 | Found a one-way gateway to a ziggurat.
 30790 | Depths:1 | Noticed an ancient lich
 31045 | Elf:1    | Entered Level 1 of the Elven Halls
 31152 | Elf:1    | HP: 5/157 [deep elf knight (18)]
 31218 | Orc:2    | Bought a scroll of blinking for 75 gold pieces
 31310 | Elf:1    | Paralysed by an air elemental for 1 turns
 31319 | Elf:1    | Found a magical portal.
 31358 | WizLab   | Entered Zonguldrok's Shrine
 31442 | WizLab   | Found the +9 sword of Zonguldrok {reap}
 31499 | WizLab   | Noticed an ancient champion
 31557 | WizLab   | Reached XP level 19. HP: 130/165 MP: 0/0
 31557 | WizLab   | Learned a level 7 spell: Ozocubu's Refrigeration
 31761 | WizLab   | HP: 1/166 [skeletal warrior (19)]
 31768 | WizLab   | Demolished by a skeletal warrior

Illustrated notes

Levels and vault maps discovered:
D:1:      dpeg_arrival_line_fractal, layout_loops_ring, minivault_19,
          kennysheep_another_room
D:2:      layout_basic, basic_altar, serial_shops, shop, shop,
          nicolae_shop_temple_entry_statues_fountains,
          kennysheep_generic_room_13
D:3:      minmay_diamond_boxcup, layout_rooms, nemelex_dance_club_becter,
          basic_ecumenical_altar, ebering_ghost_sewer_d
D:4:      layout_loops_cross, temple_green
D:5:      layout_gridville, minitemple, minivault_11, kennysheep_nub
D:6:      layout_basic, serial_shops, nicolae_square_shop,
          nicolae_shop_bloodbath_and_beyond, nicolae_shop_advertising_works
          [nicolae_subvault_shop_adworks], eino_curves_03,
          hangedman_abyss_or_decor_stagger, roderic_lattice_a,
          hangedman_abyss_or_decor_passed, uniq_edmund
D:7:      layout_rooms, mainiacjoe_overflow_brackets, serial_shops,
          nicolae_shop_statue_plus, uniq_prince_ribbit1
D:8:      layout_cave_pools
D:9:      layout_roguey, ebering_dispersal_statue_hall
D:10:     layout_basic, minmay_lair_entry_grove, hellmonk_guarded_unrand_lears
D:11:     layout_layer_cave, david_orc_5, gauntlet_entry_generic
D:12:     minmay_the_grid_triangle_9x9_rhombus_thin_mashed
          [minmay_the_grid_triangle_9x9_corruption,
          minmay_the_grid_triangle_9x9_prize_special,
          minmay_the_grid_triangle_9x9_checkered,
          minmay_the_grid_triangle_9x9_alien], layout_loops_corners,
          hangedman_abyss_or_decor_lesser_grid, minivault_24,
          kb_lookout_dungeons_type
D:13:     layout_gridville, erik_vaults_1
D:14:     layout_irregular_city, minivault_24, hangedman_devilish_allure,
          uniq_azrael
D:15:     grunt_enter_depths_snipers, layout_cave_pools,
          minmay_misc_feat_more_columns, xom_teletrap_fun
Temple:   jpeg_temple_clearing
Lair:1:   layout_chaotic_city, infiniplex_staircase_pool, serial_bayou_shore_b
Lair:2:   layout_loops_ring, dummy_spider_entry, basic_altar,
          infiniplex_staircase_pool_2, lemuel_fruit_tree, serial_bayou_shore_a
Lair:3:   layout_loops_ring, minmay_swamp_entry_worms, gammafunk_ghost_ooze
Lair:4:   layout_layer_cave, gammafunk_ghost_arena, beast_lair_carwin_6
Lair:5:   layout_regular_city, disabler_island
Lair:6:   cheibrodos_lair_end_hotspot, layout_hall_layers, slime_altar_1,
          basic_altar, uniq_sonja, uniq_josephine
Swamp:1:  layout_falls_marsh, evilmike_swamp_ruin_rubble_2, swamp_pool5
Swamp:2:  layout_falls_marsh, gammafunk_ghost_mausoleum,
          evilmike_swamp_ruin_house_5, swamp_pool1
Swamp:3:  layout_basic_swamp, nicolae_swamp_some_circles, swamp_pool1,
          nicolae_swamp_godswood, hangedman_swamp_pad, uniq_aizul
Swamp:4:  swamp, layout_basic_swamp
Spider:1: layout_spider_delve, special_room [special_room_bee],
          nicolae_spider_rock_and_or_roll, uniq_roxanne
Spider:2: layout_chambers, spiders_nest_spider_trap, nicolae_spider_cling_halls,
          uniq_arachne
Spider:3: layout_cave_pods, nicolae_spider_paper_wasps, uniq_louise,
          uniq_jorgrun
Spider:4: floodkiller_spider_rune_tomb, drop_trap
Orc:1:    layout_diamond_mine
Orc:2:    st_orc_congregation, layout_caves, elves_outpost_lemuel, uniq_snorg,
          uniq_saint_roka
Elf:1:    layout_rooms, mu_enter_wizlab_1, minivault_28,
          nicolae_shop_overcharged_wands
Depths:1: layout_twisted_cross, enter_ziggurat_c, grunt_metal_band,
          minmay_misc_feat_chi, serial_sigils_hangedman_confine, minivault_22,
          kennysheep_windowed_goal, kennysheep_random_hallway
WizLab:   wizlab_zonguldrok

Skill      XL: |  1  2  3  4  5  6  7  8  9 10 11 12 13 14 15 16 17 18 |
---------------+-------------------------------------------------------+-----
Stealth        | 2 |  2.0
Fighting       | 1 2 3 7 8 12 16 19 | 19.9
Armour         | 1 2 |  2.0
Spellcasting   | 3 4 5 7 8 11 13 15 | 15.9
Evocations     | 2 3 4 |  4.8
Maces & Flails | 5 9 11 | 11.3
Dodging        | 4 8 |  8.7
Throwing       | 2 |  2.0

Action                   |  1- 3 |  4- 6 |  7- 9 | 10-12 | 13-15 | 16-18 | 19-21 || total
-------------------------+-------+-------+-------+-------+-------+-------+-------++-------
Melee: Dagger            |     8 |    73 |       |       |       |       |       ||    81
       War axe           |       |       |    56 |       |       |       |       ||    56
       Dire flail        |       |       |    25 |   378 |   904 |   948 |    54 ||  2309
 Cast: Magic Dart        |    66 |   178 |   131 |    58 |       |       |       ||   433
       Mephitic Cloud    |       |     5 |    21 |    21 |    54 |    59 |       ||   160
       Searing Ray       |       |     1 |     9 |     2 |       |       |       ||    12
       Call Imp          |       |       |    12 |     6 |       |       |       ||    18
       Blink             |       |       |       |     2 |     5 |     5 |       ||    12
       Summon Forest     |       |       |       |     3 |    36 |    44 |     2 ||    85
       Slow              |       |       |       |     1 |       |       |       ||     1
       Confusing Touch   |       |       |       |     1 |       |       |       ||     1
       Iron Shot         |       |       |       |       |       |   115 |       ||   115
       Simulacrum        |       |       |       |       |       |     3 |       ||     3
       Blade Hands       |       |       |       |       |       |       |     1 ||     1
Invok: Curse Item        |       |       |     3 |     2 |     2 |       |       ||     7
       Shatter the Chain |       |       |     1 |       |       |       |       ||     1
Evoke: Wand              |       |       |       |     6 |     2 |     1 |     1 ||    10
  Use: Potion            |       |     1 |       |     2 |       |     1 |       ||     4
       Scroll            |       |     5 |     1 |       |     2 |     3 |     1 ||    12
 Stab: Sleeping          |       |     1 |     1 |     1 |     4 |     4 |       ||    11
       Confused          |       |     1 |    10 |    18 |    40 |    43 |       ||   112
       Distracted        |       |       |       |       |    16 |    13 |       ||    29
Armor: Robe              |     1 |       |       |       |       |       |       ||     1
       Leather armour    |     1 |       |       |       |       |       |       ||     1
       Ring mail         |       |    54 |       |       |       |       |       ||    54
       Troll leather arm |       |       |    15 |    88 |   171 |   205 |    10 ||   489
Dodge: Dodged            |    11 |    88 |    68 |   190 |   545 |   526 |    26 ||  1454

Table legend: (Time is in decaauts)
 A = Elapsed time spent in this place.
 B = Non-inter-level travel time spent in this place.
 C = Inter-level travel time spent in this place.
 D = Time resting spent in this place.
 E = Time spent auto-exploring this place.
 F = Levels seen in this place.
 G = Mean time per level.
                   A        B        C        D        E       F      G
               +--------+--------+--------+--------+--------+-----+--------+
         Total |  31043 |  28358 |   2685 |   2101 |  17595 |  36 |  862.3 |
       Dungeon |  16952 |  15759 |   1193 |    735 |  11618 |  15 | 1130.1 |
        Temple |    164 |    121 |     43 |      0 |    109 |   1 |  164.0 |
          Lair |   5592 |   5036 |    556 |    286 |   3213 |   6 |  932.0 |
         Swamp |   2445 |   2262 |    183 |    586 |    909 |   4 |  611.2 |
   Spider Nest |   1699 |   1644 |     55 |    192 |    532 |   4 |  424.8 |
  Orcish Mines |   2915 |   2296 |    619 |    131 |   1140 |   2 | 1457.5 |
   Elven Halls |    202 |    191 |     11 |     26 |      0 |   1 |  202.0 |
        Depths |    123 |     99 |     24 |      2 |     22 |   1 |  123.0 |
        Wizlab |    345 |    345 |      0 |     36 |      0 |   1 |  345.0 |
      Gauntlet |    602 |    602 |      0 |    107 |     52 |   1 |  602.0 |
               +--------+--------+--------+--------+--------+-----+--------+

Top non-repeatable levels by time:
     D:3: 1941 daAuts
     D:2: 1882 daAuts
   Orc:2: 1614 daAuts
    D:11: 1583 daAuts
     D:5: 1301 daAuts
   Orc:1: 1301 daAuts
  Lair:4: 1261 daAuts
  Lair:5: 1252 daAuts
     D:1: 1201 daAuts
  Lair:6: 1181 daAuts
     D:6: 1170 daAuts
Spider:2: 1167 daAuts
    D:12: 1085 daAuts
    D:13: 1041 daAuts
    D:10: 1002 daAuts
